 Dungeon Crawl Stone Soup version 0.21.1-1-g345015fe64 (webtiles) character file.

915 JarielCorvus the Magician (level 7, 0/50 HPs)
             Began as a Purple Draconian Air Elementalist on June 30, 2018.
             Engulfed by a cloud of noxious fumes (2 damage)
             ... on level 6 of the Dungeon.
             The game lasted 00:18:30 (4680 turns).

JarielCorvus the Magician (DrAE)                    Turns: 4680, Time: 00:18:31

Health: 0/50       AC: 10    Str:  9 (10) XL:     7   Next: 82%
Magic:  19/26      EV: 12    Int: 17 (18) God:
Gold:   198        SH:  0    Dex:  8 (11) Spells: 10/20 levels left

rFire    . . .     SeeInvis .   d - +0 dagger (elec)
rCold    . . .     Gourm    .   (no shield)
rNeg     . . .     Faith    .   (armour unavailable)
rPois    .         Spirit   .   (helmet restricted)
rElec    .         Reflect  .   l - -1 cloak
rCorr    .         Harm     .   (no gloves)
MR       +....                  (no boots)
Stlth    ++........             g - amulet of regeneration
HPRegen  0.56/turn              o - +4 ring of protection
MPRegen  0.20/turn              w - ring of magical power

@: very slightly contaminated
A: breathe power, unfitting armour, cold-blooded, AC +6
a: Breathe Dispelling Energy


You were on level 6 of the Dungeon.
You were not hungry.

You visited 1 branch of the dungeon, and saw 6 of its levels.

You collected 198 gold pieces.

Inventory:

Hand Weapons
 d - a +0 dagger of electrocution (weapon)
 f - a cursed -3 short sword
Armour
 l - a -1 cloak (worn)
Jewellery
 g - an amulet of regeneration (around neck)
 o - a +4 ring of protection (left hand)
 q - an uncursed amulet of inaccuracy
 w - a ring of magical power (right hand)
Wands
 n - a wand of polymorph (8)
 t - a wand of disintegration (14)
Scrolls
 h - 2 scrolls of fog
 i - a scroll of noise
 k - 2 scrolls of remove curse
 m - a scroll of amnesia
 p - 3 scrolls of teleportation
Potions
 c - a potion of agility
 j - a potion of flight
 s - a potion of degeneration
 z - a potion of heal wounds
Books
 a - a book of Air

   Spells                             Type                      Level
   a - Shock                          Conjuration/Air              1
   b - Swiftness                      Charms/Air                   2
   c - Static Discharge               Conjuration/Air              3
   d - Airstrike                      Air                          4
   e - Lightning Bolt                 Conjuration/Air              5
Comestibles
 b - 4 rations


   Skills:
 - Level 1.9 Dodging
 - Level 1.9 Stealth
 * Level 7.2 Spellcasting
 + Level 4.2 Conjurations
 + Level 5.4 Air Magic


You had 10 spell levels left.
You knew the following spells:

 Your Spells              Type           Power        Failure   Level  Hunger
a - Shock                 Conj/Air       ###.         1%          1    None
b - Swiftness             Chrm/Air       ###.....     5%          2    None
c - Static Discharge      Conj/Air       ###.....     4%          3    ##.....
d - Airstrike             Air            ###.......   12%         4    ####...


Dungeon Overview and Level Annotations

Branches:
Dungeon (6/15)
 Temple: D:4-7

Altars:
Dithmenos
Elyvilon
Fedhas
Gozag
Nemelex Xobeh
Wu Jian
Yredelemnul

Shops:
D:4 *   D:5 (


Innate Abilities, Weirdness & Mutations

You can breathe bolts of dispelling energy.
Your rich purple scales are hard. (AC +6)
You cannot fit into any form of body armour.
You are cold-blooded and may be slowed by cold attacks.


Message History

* * * LOW HITPOINT WARNING * * *
You bump into the rock wall.
You are engulfed in noxious fumes.
You choke on the stench!
You are more confused.
* * * LOW HITPOINT WARNING * * *
You are engulfed in noxious fumes.
The centaur is engulfed in noxious fumes.
The centaur appears confused.
The centaur laughs crazily.
The centaur is engulfed in noxious fumes.
The centaur appears confused.
The centaur grins madly.
You barely miss the centaur.
The centaur is lightly wounded.
You hear the slow hiss of a distant avalanche of sand.
You are engulfed in noxious fumes.
You feel less confused.
The centaur is engulfed in noxious fumes.
You are engulfed in noxious fumes.
You die...

..# #.#
#<#####################.###
#.........................##...
#.......##.#..........$.......c
#.#####.#.###§#####.###(# # #.#
#..## ##§###.#.##.#c###.# ..#
#.## ##§c§###.#........ ### ##.
#§#§§.#(..>....... #
#§##@##(#####...#.# #.# #§##.#
...# ... ..##.# ..... .#.
#####.. ....# # # ### ....#
.###


You could see a centaur (confused).

Vanquished Creatures
  An ogre (D:4)
  A centaur (D:5)
  A bullfrog (D:5)
  3 wights
  The ghost of Sapher the Grave Robber, a weakling GnNe (D:4)
  2 hounds (D:4)
  A jelly (D:5)
  2 bullfrog skeletons
  2 iguanas (D:4)
  Ijyb (D:4)
  4 worker ants
  3 gnolls (D:2)
  6 adders
  A shadow imp (D:5)
  An ooze (D:5)
  2 adder skeletons (D:5)
  A worm (D:2)
  3 dart slugs
  3 leopard geckos
  9 orcs
  A ball python (D:4)
  3 giant cockroaches
  15 goblins
  9 hobgoblins
  3 jackals (D:5)
  8 kobolds
  2 quokkas (D:5)
  4 bats
  3 frilled lizards
  A jackal skeleton (D:5)
  6 rats
103 creatures vanquished.

Notes
Turn   | Place    | Note
-------+----------+-------------------------------------------
     0 | D:1      | JarielCorvus the Draconian Air Elementalist began the quest for the Orb.
     0 | D:1      | Reached XP level 1. HP: 14/14 MP: 3/3
   283 | D:1      | Reached XP level 2. HP: 20/20 MP: 0/5
   287 | D:1      | Learned a level 2 spell: Swiftness
   882 | D:2      | Reached XP level 3. HP: 26/26 MP: 1/6
  1042 | D:2      | Found a sparkling altar of Nemelex Xobeh.
  1228 | D:2      | Learned a level 3 spell: Static Discharge
  1265 | D:2      | Found an ornate altar of the Wu Jian Council.
  1302 | D:2      | Reached skill level 3 in Spellcasting
  1393 | D:2      | Reached XP level 4. HP: 33/33 MP: 5/8
  1750 | D:3      | Reached XP level 5. HP: 18/38 MP: 1/10
  1921 | D:3      | Learned a level 4 spell: Airstrike
  2078 | D:2      | Reached skill level 4 in Spellcasting
  2161 | D:3      | Reached XP level 6. HP: 45/45 MP: 2/12
  2360 | D:3      | Found an opulent altar of Gozag.
  2614 | D:4      | Noticed Sapher's ghost (weakling GnNe)
  2628 | D:4      | Killed Sapher's ghost
  2716 | D:4      | Found Otadoc's General Store.
  2855 | D:4      | Noticed Ijyb
  2887 | D:4      | Killed Ijyb
  2954 | D:4      | Reached skill level 5 in Spellcasting
  3067 | D:4      | Your scales start taking on a rich purple colour.
  3067 | D:4      | Reached skill level 6 in Spellcasting
  3067 | D:4      | Reached XP level 7. HP: 50/50 MP: 6/16
  3216 | D:4      | Reached skill level 5 in Air Magic
  3296 | D:4      | Found a white marble altar of Elyvilon.
  3346 | D:4      | Found a shadowy altar of Dithmenos.
  3413 | D:4      | Found a basalt altar of Yredelemnul.
  3488 | D:4      | Found a blossoming altar of Fedhas.
  3547 | D:5      | Entered Level 5 of the Dungeon
  3886 | D:5      | Reached skill level 7 in Spellcasting
  4412 | D:5      | Found Elez Nejie's Antique Weapon Shoppe.
  4676 | D:6      | HP: 2/50 [centaur/arrow (13)]
  4680 | D:6      | Engulfed by a cloud of noxious fumes

Skill      XL: |  1  2  3  4  5  6  7 |
---------------+----------------------+-----
Spellcasting   | 3 4 6 7 |  7.2
Conjurations   | 2 3 4 |  4.2
Air Magic      | 4 5 |  5.4
Dodging        | |  1.9
Stealth        | |  1.9

Action                   |  1- 3 |  4- 6 |  7- 9 || total
-------------------------+-------+-------+-------++-------
Melee: Unarmed           |     6 |       |       ||     6
       Dagger            |    23 |    55 |    10 ||    88
       Tailslap          |     1 |     4 |     1 ||     6
 Cast: Shock             |    49 |    95 |    67 ||   211
       Airstrike         |       |     5 |     7 ||    12
       Swiftness         |       |     3 |     1 ||     4
       Static Discharge  |       |     1 |       ||     1
  Use: Scroll            |     3 |     8 |     2 ||    13
       Potion            |       |       |     8 ||     8
 Stab: Sleeping          |       |     1 |       ||     1
  Eat: Ration            |     1 |     1 |     2 ||     4
       Chunk             |       |     1 |     2 ||     3
Armor: Skin              |     6 |    15 |     6 ||    27
Dodge: Dodged            |    14 |    50 |    12 ||    76
